 Dungeon Crawl Stone Soup version 0.26-a0-712-ga5a9c9c9d0 (webtiles) character file.

Game seed: 13381455770393759674

(classic levelgen) 314891 EnegeticOcto the Pandemonic (level 20, -22/187 HPs)
             Began as a Deep Dwarf Fighter on Nov 4, 2020.
             Was a High Priest of Makhleb.
             Killed from afar by Vyufutz the pandemonium lord (25 damage)
             ... with a crystal spear
             ... while paralysed by Vyufutz
             ... on level 4 of the Dungeon.
             The game lasted 00:20:42 (20047 turns).

EnegeticOcto the Pandemonic (Deep Dwarf Fighter)   Turns: 20047, Time: 00:20:43

Health: -22/187    AC: 35    Str: 27    XL:     20   Next: 11%
Magic:  4/4        EV:  2    Int: 12    God:    Makhleb [*****.]
Gold:   847        SH:  0    Dex: 16    Spells: 19/19 levels left

rFire    + + .     SeeInvis +   O - +11 war axe of Tiruusa Jadu {drain, rF+ Dex+4}
rCold    . . .     Faith    .   v - +1 tower shield {AC+3}
rNeg     + . .     Spirit   .   w - +5 plate armour {rPois}
rPois    +         Reflect  +   M - +2 hat
rElec    .         Harm     .   m - +0 cloak
rCorr    .         Rampage  .   s - +2 pair of gloves {Str+3}
MR       +++..     Rnd*Rage +   l - +2 pair of boots
Stlth    ..........             L - amulet of reflection
HPRegen  0.00/turn              q - +4 ring of evasion
MPRegen  0.09/turn              W - ring of protection from fire

@: paralysed, mighty, berserk cooldown, non-regenerating, hasted and slowed
A: damage resistance, heal wounds, see invisible, berserk 1, negative energy
resistance 1, sense surroundings 3, weak 1, no potion heal 1, subdued magic 1,
no regeneration
0: Orb of Zot
}: 3/15 runes: decaying, serpentine, abyssal
a: Heal Wounds, Minor Destruction, Lesser Servant of Makhleb, Major Destruction,
Greater Servant of Makhleb, Renounce Religion


You were on level 4 of the Dungeon.
You worshipped Makhleb.
Makhleb was extremely pleased with you.
You visited 7 branches of the dungeon, and saw 38 of its levels.
You visited the Abyss 2 times.
You visited 1 bazaar.
You also visited: Ossuary and Bailey.

You collected 2228 gold pieces.
You spent 1381 gold pieces at shops.

Inventory:

Hand Weapons
 a - a +1 war axe
 O - the +11 war axe of Tiruusa Jadu (weapon) {drain, rF+ Dex+4}
   (You found it on level 4 of the Lair of Beasts)

   A truly terrible weapon, it drains the life of those it strikes.
   It affects your dexterity (+4).
   It protects you from fire.
Missiles
 x - a throwing net (quivered)
Armour
 l - a +2 pair of boots (worn)
 m - a +0 cloak (worn)
 n - a +0 plate armour of magic resistance
 s - a +2 pair of gloves of strength (worn)
 v - a +1 tower shield of protection (worn)
 w - a +5 plate armour of poison resistance (worn)
 y - a +0 kite shield of protection
 M - a +2 hat (worn)
 S - the cursed +0 pair of gloves of Varghaho {rPois rN+ Str+4 Dex-4}
   (You bought it in a shop in a bazaar)

   It affects your strength (+4).
   It affects your dexterity (-4).
   It protects you from poison.
   It protects you from negative energy.
   It has a curse placed upon it.
 T - the cursed +0 kite shield of Vipuph {rPois rN+ Regen+}
   (You bought it in a shop in a bazaar)

   It protects you from poison.
   It protects you from negative energy.
   It increases your rate of regeneration.
   It has a curse placed upon it.
Jewellery
 q - a +4 ring of evasion (left hand)
 r - an uncursed ring of protection from fire
 G - an uncursed ring of wizardry {unknown}
 J - a +6 ring of strength
 L - an amulet of reflection (around neck)
 W - a ring of protection from fire (right hand)
Wands
 C - a wand of paralysis (19)
 D - a wand of disintegration (46)
 K - a wand of polymorph (13)
 P - a wand of enslavement (9)
 R - a wand of iceblast (27) {@v2}
Scrolls
 c - 4 scrolls of fog
 f - 9 scrolls of teleportation {@r3}
 h - 12 scrolls of remove curse {@r2}
 i - a scroll of silence
 o - 4 scrolls of enchant weapon
 F - 4 scrolls of identify {@r1}
 H - a scroll of immolation {@r4}
 I - a scroll of summoning
Potions
 b - 2 potions of berserk rage
 d - 5 potions of might {@q3}
 g - 5 potions of ambrosia
 j - 5 potions of invisibility
 k - 5 potions of heal wounds {@q2}
 p - 5 potions of mutation
 t - 4 potions of lignification
 u - a potion of curing {@q1}
 z - a potion of resistance {@q5}
 A - a potion of cancellation
 N - 2 potions of brilliance
Miscellaneous
 B - a tin of tremorstones (inert)
 U - a box of beasts (3/3)
 V - a phantom mirror


   Skills:
 + Level 13.0 Fighting
 - Level 16.0 Axes
 - Level 14.8 Armour
 - Level 15.0 Shields
 O Level 27 Invocations
 - Level 10.0 Evocations


You had 19 spell levels left.
You didn't know any spells.
Your spell library was empty.

Dungeon Overview and Level Annotations

Branches:
Dungeon (15/15)            Temple (1/1) D:7            Lair (4/6) D:8
  Swamp (4/4) Lair:4        Snake (4/4) Lair:3          Orc (0/2) D:9
 Vaults (0/5) D:14         Depths (5/5) D:15            Zot (5/5) Depths:5
Ossuary (visited)          Bailey (visited)

Altars:
Ashenzari
Cheibriados
Dithmenos
Elyvilon
Fedhas
Gozag
Hepliaklqana
Kikubaaqudgha
Makhleb
Nemelex Xobeh
Okawaru
Qazlal
Ru
Sif Muna
Trog
Uskayaw
Vehumet
Wu Jian
Xom
Yredelemnul
Zin
The Shining One

Shops:
D:7 [   Depths:1 ?(([   Depths:2 }==

Portals:
Hell: Depths:2 Depths:5
Abyss: Depths:3
Pandemonium: Depths:1

Annotations:
D:6 1 runed translucent door, p0werm0de's ghost, novice MiFi
D:7 exclusions: 2 goblins and 1 more exclusion
D:13 1 runed translucent door, Haatiane's ghost, journeyman GrFi


Innate Abilities, Weirdness & Mutations

You are resistant to damage.
You can heal yourself by infusing magical energy.
You resist negative energy. (rN+)
You passively map a large area around you.
You do not regenerate.
You have supernaturally acute eyesight. (SInv)
You tend to lose your temper in combat.
You are weak. (Str -2)
Potions are less effective at restoring your health.
Your spells are a little easier to cast, but a little less powerful.


Message History

Your Fighting skill increases to level 13!
The burst of rock shards engulfs the rust devil.
The burst of rock shards engulfs Vyufutz but does no damage.
The burst of rock shards engulfs the hellwing but does no damage.
The burst of rock shards engulfs the rust devil!
You kill the rust devil!
Makhleb accepts your kill.
The burst of rock shards engulfs you but does no damage.
The burst of rock shards engulfs Vyufutz but does no damage.
Evoke which item? (* to show all) (? for menu, Esc to quit)
The tremorstone explodes into fragments!
The burst of rock shards engulfs Vyufutz.
The burst of rock shards engulfs you but does no damage.
The burst of rock shards engulfs the hellwing!
The burst of rock shards engulfs the hellwing but does no damage.
The burst of rock shards engulfs Vyufutz but does no damage.
The burst of rock shards engulfs you but does no damage.
The burst of rock shards engulfs the hellwing.
The burst of rock shards engulfs Vyufutz but does no damage.
The burst of rock shards engulfs you but does no damage.
The burst of rock shards engulfs the hellwing but does no damage.
The tin is emptied!
You block Vyufutz's attack.
The hellwing swoops through the air toward you!
You block the hellwing's attack. x2; Vyufutz engulfs you.
Vyufutz drowns you!
You feel yourself speed up. The hellwing barely misses you.
The hellwing hits you but does no damage.
Vyufutz gestures at you. You resist with almost no effort.
The hellwing hits you but does no damage.
You block the hellwing's attack. You block Vyufutz's attack.
You feel very mighty all of a sudden. Vyufutz engulfs you!! Vyufutz drowns you!
You block the hellwing's attack. The hellwing hits you.
A demon appears!
You block Vyufutz's attack. You block the hellwing's attack.
The hellwing hits you but does no damage.
You block Vyufutz's attack.
A demon appears!
Your Executioner hits Vyufutz.
Your Executioner closely misses Vyufutz.
Your Executioner hits Vyufutz but does no damage.
Vyufutz engulfs you. Vyufutz drowns you!! You block the hellwing's attack. x2
Your Executioner hits Vyufutz but does no damage.
Your Executioner barely misses Vyufutz.
Your Executioner hits Vyufutz. You slash the hellwing!
The hellwing is heavily wounded.
You hit Vyufutz but do no damage. Vyufutz barely misses you.
Your Executioner gestures.
Your Executioner seems to speed up.
You block the hellwing's attack. The hellwing hits you.
An orange demon comes into view.
You slice the hellwing!!
The hellwing is almost dead.
You hit Vyufutz but do no damage. Your Executioner hits Vyufutz!!
Your Executioner hits Vyufutz but does no damage. x2
Your Executioner closely misses Vyufutz.
Your Executioner hits Vyufutz but does no damage.
Your Executioner hits Vyufutz.
Your green death gestures at the hellwing.
The bolt of poison misses the hellwing.
Vyufutz gestures at you.
You suddenly lose the ability to move!
Your Executioner hits Vyufutz!
Your Executioner hits Vyufutz but does no damage.
Your Executioner hits Vyufutz.
Your Executioner barely misses Vyufutz. x2
Your Executioner hits Vyufutz but does no damage.
The hellwing hits you.
The hellwing hits you but does no damage.
Vyufutz gestures at you. The crystal spear hits you!!
Your Executioner hits Vyufutz.
Your Executioner hits Vyufutz but does no damage.
Your Executioner completely misses Vyufutz.
You hear a shout!
Your Executioner barely misses Vyufutz. x2
Your Executioner hits Vyufutz but does no damage.
Your Executioner hits Vyufutz!! Your Executioner hits Vyufutz!
Your Executioner hits Vyufutz but does no damage.
Vyufutz engulfs you. Vyufutz drowns you! The hellwing hits you!
The hellwing hits you but does no damage.
Your Executioner barely misses Vyufutz.
Your Executioner hits Vyufutz but does no damage. x2
Your green death barely misses the hellwing.
Vyufutz gestures at you. The crystal spear hits you!!
* * * LOW HITPOINT WARNING * * *
Your Executioner hits Vyufutz but does no damage. x3
Your Executioner hits Vyufutz! Your Executioner hits Vyufutz.
Your Executioner barely misses Vyufutz.
The orange demon stings you but does no damage.
A torturous demonspawn comes into view. It is wielding a +0 mace.
The hellwing hits you but does no damage. x2
Vyufutz gestures at you. The crystal spear hits you!!!
* * * LOW HITPOINT WARNING * * *
Your Executioner hits Vyufutz but does no damage. x3
Your green death closely misses the hellwing.
Your Executioner hits Vyufutz.
Your Executioner closely misses Vyufutz.
Your Executioner hits Vyufutz but does no damage. x4
Vyufutz gestures at you. The crystal spear hits you!!
You die...

#####################
#...................#
#.################.##
#.# #.#
#.################1#####
...............4@&.....#
#.#...........##2#46##.#
#.#.###.#####.##.#..##.#
#.#.#...............##.#
#.#.#.#.######.#.##.##.#
..#.#.#......#.#.##.##.#
....#.#.####.#.#.##.##.#
#####.#...##.#.#.##.##.#
..#..........#.#.#..##.#


You could see Vyufutz, a torturous demonspawn, an orange demon, a hellwing, a
friendly green death (summoned) and a friendly Executioner (summoned, fast).

Vanquished Creatures
  A curse toe (Zot:5)
  Nikola (Depths:2)
  2 golden dragons
  the Enchantress (Depths:5)
  2 liches (Depths:5)
  2 tentacled monstrosities
  2 Orb Guardians
  Asterion (Depths:1)
  2 quicksilver dragons (Zot:4)
  A sphinx (Depths:4)
  2 tentacled starspawn
  Gastronok (D:8)
  2 death cobs
  A tengu reaver (Depths:3)
  A thorn hunter (Swamp:4)
  5 draconian monks
  A daeva (Abyss:4)
  13 nagarajas
  3 fire giants
  A frost giant (Depths:3)
  A balrug (Depths:1)
  2 draconian shifters
  Louise (D:15)
  Aizul (Snake:1)
  A cacodemon (Abyss:1)
  A draconian scorcher (Zot:2)
  A draconian annihilator (Zot:3)
  A war gargoyle (Abyss:3)
  6 very ugly things
  3 spriggan defenders (Depths:5)
  A juggernaut skeleton (Depths:2)
  3 vampire knights
  4 green draconians
  3 stone giants
  4 purple draconians
  A dire elephant (D:15)
  A red draconian (Zot:3)
  2 yellow draconians
  2 black draconians
  3 white draconians
  3 spark wasps (Depths:3)
  An eidolon (Abyss:2)
  6 ettins
  A green death (D:4)
  A fire dragon (Depths:1)
  3 great orbs of eyes
  11 hydras
  6 ice dragons
  2 yaktaur captains (Depths:5)
  2 ghost crabs (Swamp:4)
  13 naga warriors
  4 rakshasas
  13 anacondas
  4 spriggan air magi
  2 catoblepae (Abyss:3)
  2 alligators (Swamp:4)
  3 boulder beetles
  2 ogre magi
  A shambling mangrove (Swamp:3)
  11 two-headed ogres
  5 centaur warriors
  5 tengu warriors
  4 deep troll earth magi
  3 thrashing horrors (Abyss:4)
  5 spriggan berserkers
  4 naga sharpshooters
  2 vampire magi
  2 deep troll shamans
  2 shock serpents (Snake:4)
  Nergalle (Lair:1)
  An iron troll (Depths:2)
  9 skeletal warriors
  2 sixfirhies
  2 salamander mystics
  3 spriggan druids (Swamp:4)
  A cherub (D:5)
  A death drake (Abyss:3)
  A glowing orange brain (Depths:1)
  13 deep trolls
  A spatial maelstrom (Abyss:4)
  3 unseen horrors
  A flayed ghost (Depths:1)
  28 starcursed masses
  9 swamp dragons
  6 naga ritualists
  A gelid demonspawn (Depths:1)
  4 orc knights (Bailey)
  A necromancer (Depths:2)
  2 deep elf magi
  A lindwurm (Depths:5)
  A wizard (Depths:1)
  4 mana vipers
  A frost giant zombie (Abyss:1)
  An orb spider (shapeshifter) (D:13)
  A wolf spider (D:15)
  A worldbinder (Abyss:2)
  3 cyclopes
  7 salamanders
  19 ugly things
  A cyclops (shapeshifter) (Depths:1)
  5 elephants (Lair:3)
  2 manticores
  2 rust devils
  2 moths of wrath
  26 black mambas
  12 guardian serpents
  14 naga magi
  4 torpor snails (Lair:3)
  A gargoyle (D:15)
  An orange demon (Abyss:1)
  2 centaur skeletons
  5 spectral swamp worms (Depths:1)
  A spriggan skeleton (Depths:2)
  7 cane toads
  Maggie (D:6)
  A demonic crawler (Abyss:2)
  A komodo dragon (shapeshifter) (Depths:1)
  4 yaktaurs
  2 rime drakes
  An ice devil (D:14)
  6 komodo dragons
  4 catoblepas skeletons (Abyss:3)
  A hellwing (Abyss:2)
  3 tengu conjurers
  3 ancient zymes
  5 trolls
  10 hornets
  3 tyrant leeches
  12 slime creatures
  8 blink frogs
  5 bog bodies
  An ettin zombie (Depths:2)
  A raiju (Abyss:2)
  A ynoxinul (Abyss:2)
  A vampire (D:15)
  3 air elementals (Abyss:3)
  4 wyverns
  3 shadows
  Sigmund (D:2)
  34 yaks
  3 fire bats (Abyss:1)
  18 spriggans
  3 water elementals (Abyss:1)
  3 neqoxecs
  A basilisk (D:9)
  2 chaos spawn
  3 swamp worms
  19 vampire mosquitoes
  11 insubstantial wisps
  44 nagas
  5 water moccasins
  2 spatial vortices (Abyss:4)
  An acid dragon (D:12)
  6 large abominations
  18 orc warriors
  13 swamp drakes
  3 black bears (D:12)
  2 sky beasts
  An eye of draining (D:14)
  3 ice beasts
  13 ogres
  A necrophage (D:12)
  26 centaurs
  A boggart (Lair:4)
  An elf zombie (Ossuary)
  A big kobold (D:13)
  3 small abominations (Abyss:2)
  12 bullfrogs
  7 earth elementals
  A wyvern skeleton (D:7)
  3 scorpions
  9 howler monkeys
  A crimson imp (Depths:1)
  3 centaur zombies
  2 quasits
  A bullfrog zombie (D:11)
  12 orc priests
  4 jellies
  2 bullfrog skeletons
  A gnoll shaman (D:10)
  8 hounds
  19 orc wizards
  5 iguanas
  2 iron imps
  13 worker ants
  A killer bee zombie (D:10)
  3 big kobold zombies (Ossuary)
  A hound zombie (D:7)
  2 hound skeletons
  2 mummies (Ossuary)
  10 adders
  4 gnolls (D:10)
  A river rat (D:6)
  4 shadow imps
  18 white imps
  3 ufetubi
  2 adder zombies
  An ooze (D:5)
  2 adder skeletons
  3 worms
  4 dart slugs
  6 leopard geckos
  111 orcs
  3 ball pythons
  3 bats
  4 giant cockroaches
  4 gnoll zombies (Ossuary)
  6 goblins
  2 hobgoblins
  4 jackals
  5 quokkas
  6 frilled lizards
  A goblin zombie (Ossuary)
  4 hobgoblin zombies (Ossuary)
  13 kobolds
  An orc zombie (Ossuary)
  7 rats
  2 briar patches (Swamp:4)
  2 starspawn tentacles (Abyss:4)
1100 creatures vanquished.

Vanquished Creatures (collateral kills)
  Saint Roka (Depths:1)
  An Orb Guardian (Depths:1)
  2 draconian monks
  A draconian knight (Depths:5)
  2 green draconians (Zot:2)
  A red draconian (Depths:5)
  2 white draconians
  An ogre mage (D:15)
  A boulder beetle (Abyss:3)
  An anaconda (Snake:4)
  6 hydras
  An alligator (Swamp:1)
  A death knight (D:15)
  2 two-headed ogres (D:15)
  A deep troll shaman (Depths:1)
  An iron troll (Depths:2)
  A naga ritualist (Snake:4)
  A swamp dragon (Swamp:4)
  An ugly thing (D:15)
  A salamander (Snake:4)
  A black mamba (Lair:3)
  A naga mage (Snake:4)
  A guardian serpent (Snake:4)
  A cane toad (Swamp:3)
  2 yaktaurs (Depths:5)
  A freezing wraith (D:15)
  A hellwing (Depths:1)
  A troll (D:15)
  A hornet (Swamp:4)
  3 blink frogs
  2 slime creatures (Swamp:4)
  An air elemental (Abyss:3)
  A shadow (Swamp:4)
  A spriggan (Swamp:4)
  6 yaks
  A wyvern (shapeshifter) (Depths:1)
  2 wraiths (D:15)
  A neqoxec (Depths:1)
  3 swamp worms (Swamp:4)
  A warg (Depths:1)
  4 nagas (Snake:4)
  A swamp drake (Swamp:4)
  An ogre (D:15)
  An orc warrior (Depths:1)
  An earth elemental (Abyss:3)
  An orc (Depths:1)
70 creatures vanquished.

Vanquished Creatures (others)
  A mana viper (Snake:4)
  A guardian serpent (Snake:4)
  A spriggan (Swamp:4)
  A basilisk (Abyss:3)
  2 nagas
  A swamp drake (Depths:5)
  A briar patch (Swamp:4)
  5 fungi
  45 plants
  5 starspawn tentacles
63 creatures vanquished.

Grand Total: 1233 creatures vanquished

Notes
Turn   | Place    | Note
-------+----------+-------------------------------------------
     0 | D:1      | EnegeticOcto the Deep Dwarf Fighter began the quest for the
                  | Orb.
     0 | D:1      | Reached XP level 1. HP: 20/20 MP: 1/1
   116 | D:1      | Reached XP level 2. HP: 27/27 MP: 2/2
   430 | D:2      | Reached XP level 3. HP: 33/33 MP: 2/2
   434 | D:2      | Noticed Sigmund
   484 | D:2      | Killed Sigmund
   484 | D:2      | Reached XP level 4. HP: 17/42 MP: 2/2
   484 | D:2      | Reached XP level 5. HP: 19/49 MP: 3/3
  1056 | D:4      | Reached XP level 6. HP: 46/57 MP: 4/4
  1096 | D:4      | Reached skill level 5 in Axes
  1145 | D:4      | Reached XP level 7. HP: 46/64 MP: 4/4
  1149 | D:4      | Reached skill level 5 in Armour
  1149 | D:4      | Reached skill level 5 in Shields
  1537 | D:4      | Found a basalt altar of Yredelemnul.
  1726 | D:5      | Entered Level 5 of the Dungeon
  1924 | D:5      | Found a radiant altar of Vehumet.
  2166 | D:5      | Reached XP level 8. HP: 58/73 MP: 5/5
  2623 | D:6      | Found a snail-covered altar of Cheibriados.
  2681 | D:6      | Found a blossoming altar of Fedhas.
  2801 | D:6      | Found a runed translucent door.
  2801 | D:6      | Noticed p0werm0de's ghost (novice MiFi)
  2826 | D:6      | Found a sand-covered staircase.
  2898 | D:6      | Noticed Maggie
  2919 | D:6      | Killed Maggie
  2919 | D:6      | Reached skill level 5 in Fighting
  2942 | Ossuary  | Entered an ossuary
  3535 | D:7      | Found a staircase to the Ecumenical Temple.
  3585 | Temple   | Entered the Ecumenical Temple
  3769 | Temple   | Became a worshipper of Makhleb the Destroyer
  4008 | D:7      | Found Yxzef's Antique Armour Shop.
  4016 | D:7      | Bought a runed kite shield for 195 gold pieces
  4050 | D:7      | Reached skill level 1 in Invocations
  4050 | D:7      | Gained mutation: You passively map the area around you.
                  | [Deep Dwarf growth]
  4050 | D:7      | Reached XP level 9. HP: 64/81 MP: 5/5
  4207 | D:7      | Found an iron altar of Okawaru.
  4514 | D:7      | Reached skill level 2 in Invocations
  4812 | D:7      | Reached skill level 3 in Invocations
  4932 | D:8      | Found a staircase to the Lair.
  5217 | D:8      | Reached skill level 4 in Invocations
  5228 | D:8      | Reached * piety under Makhleb
  5274 | D:8      | Noticed a two-headed ogre
  5297 | D:8      | Killed a two-headed ogre
  5297 | D:8      | Reached skill level 5 in Invocations
  5380 | D:8      | Found a broken altar of Ashenzari.
  5391 | D:8      | Reached XP level 10. HP: 54/91 MP: 8/8
  5391 | D:8      | Noticed Gastronok
  5421 | D:8      | Killed Gastronok
  5421 | D:8      | Reached skill level 10 in Axes
  5421 | D:8      | Reached skill level 7 in Invocations
  5696 | D:9      | Noticed a two-headed ogre
  5705 | D:9      | Killed a two-headed ogre
  5765 | D:9      | Reached skill level 8 in Invocations
  6008 | D:9      | Noticed a cyclops
  6020 | D:9      | Killed a cyclops
  6134 | D:9      | Found a bloodstained altar of Trog.
  6239 | D:9      | Reached ** piety under Makhleb
  6290 | D:9      | Found a staircase to the Orcish Mines.
  6427 | D:10     | Entered Level 10 of the Dungeon
  6570 | D:10     | Reached XP level 11. HP: 97/99 MP: 11/11
  6795 | D:10     | Noticed a two-headed ogre
  6810 | D:10     | Killed a two-headed ogre
  6810 | D:10     | Reached skill level 9 in Invocations
  6963 | D:10     | Found a sacrificial altar of Ru.
  7396 | D:11     | Reached *** piety under Makhleb
  7439 | D:11     | You fall into a shaft and drop 1 floor!
  7667 | D:12     | Noticed a deep elf mage
  7696 | D:12     | Killed a deep elf mage
  7696 | D:12     | Reached skill level 10 in Invocations
  7716 | D:12     | Found a stormy altar of Qazlal.
  7749 | D:12     | Reached **** piety under Makhleb
  8526 | D:13     | Noticed an orb spider
  8554 | D:13     | Killed an orb spider
  8597 | D:13     | Noticed a centaur warrior
  8597 | D:13     | Noticed a two-headed ogre
  8598 | D:13     | Found a frozen archway.
  8614 | D:13     | Killed a two-headed ogre
  8617 | D:13     | Killed a centaur warrior
  8617 | D:13     | Reached skill level 11 in Invocations
  8617 | D:13     | Reached XP level 12. HP: 96/110 MP: 12/12
  8654 | D:13     | Found a flagged portal.
  8672 | Bailey   | Entered a bailey
  8735 | Bailey   | Reached ***** piety under Makhleb
  9189 | D:13     | Reached skill level 12 in Invocations
  9203 | D:13     | Reached skill level 10 in Armour
  9497 | D:13     | Noticed a centaur warrior
  9508 | D:13     | Killed a centaur warrior
  9508 | D:13     | Reached skill level 10 in Shields
  9520 | D:13     | Found a runed translucent door.
  9520 | D:13     | Found a shimmering altar of Xom.
  9520 | D:13     | Noticed Haatiane's ghost (journeyman GrFi)
  9830 | D:14     | Found a gate to the Vaults.
  9830 | D:14     | Noticed a two-headed ogre
  9830 | D:14     | Noticed a two-headed ogre
  9831 | D:14     | Noticed an ogre mage
  9831 | D:14     | Noticed a boulder beetle
  9841 | D:14     | Killed a two-headed ogre
  9844 | D:14     | Killed a two-headed ogre
  9871 | D:14     | Killed an ogre mage
  9898 | D:14     | Noticed a tengu warrior
  9922 | D:14     | Killed a tengu warrior
  9922 | D:14     | Reached XP level 13. HP: 75/118 MP: 12/12
  9924 | D:14     | Reached skill level 13 in Invocations
 10683 | D:15     | Entered Level 15 of the Dungeon
 10806 | D:15     | Reached skill level 14 in Invocations
 10992 | D:15     | Noticed Louise
 11072 | D:15     | Killed Louise
 11239 | D:15     | Gained mutation: You resist negative energy. (rN+) [Deep
                  | Dwarf growth]
 11239 | D:15     | Reached XP level 14. HP: 106/129 MP: 9/9
 11453 | D:15     | Found a staircase to the Depths.
 11703 | D:15     | Reached skill level 15 in Invocations
 12081 | Lair:1   | Entered Level 1 of the Lair of Beasts
 12146 | Lair:1   | Reached skill level 15 in Axes
 12832 | Lair:3   | Found a staircase to the Snake Pit.
 13158 | Lair:3   | Reached skill level 10 in Fighting
 13247 | Lair:3   | Found a snail-covered altar of Cheibriados.
 13300 | Lair:3   | Reached skill level 1 in Evocations
 13743 | Lair:4   | Got an ichor-stained war axe
 13743 | Lair:4   | Identified the +11 war axe of Tiruusa Jadu {drain, rF+
                  | Dex+4} (You found it on level 4 of the Lair of Beasts)
 13769 | Lair:4   | Found a staircase to the Swamp.
 14014 | Snake:1  | Entered Level 1 of the Snake Pit
 14014 | Snake:1  | Noticed Aizul
 14034 | Snake:1  | Reached ****** piety under Makhleb
 14044 | Snake:1  | Killed Aizul
 14044 | Snake:1  | Reached XP level 15. HP: 138/138 MP: 10/10
 14110 | Snake:2  | Reached skill level 16 in Invocations
 14121 | Snake:2  | Reached skill level 5 in Evocations
 14254 | Snake:3  | Noticed a nagaraja
 14262 | Snake:3  | Noticed a nagaraja
 14319 | Snake:3  | Killed a nagaraja
 14325 | Snake:3  | Killed a nagaraja
 14330 | Snake:4  | Entered Level 4 of the Snake Pit
 14401 | Snake:4  | Noticed a nagaraja
 14415 | Snake:4  | Killed a nagaraja
 14584 | Snake:4  | Noticed a nagaraja
 14600 | Snake:4  | Killed a nagaraja
 14613 | Snake:4  | Noticed a nagaraja
 14619 | Snake:4  | Reached XP level 16. HP: 106/148 MP: 10/10
 14630 | Snake:4  | Reached skill level 10 in Evocations
 14645 | Snake:4  | Reached skill level 17 in Invocations
 14732 | Snake:4  | Got a serpentine rune of Zot
 14910 | Swamp:1  | Entered Level 1 of the Swamp
 15219 | Swamp:4  | Entered Level 4 of the Swamp
 15219 | Swamp:4  | Noticed a thorn hunter
 15225 | Swamp:4  | Killed a thorn hunter
 15446 | Swamp:4  | Reached skill level 18 in Invocations
 15465 | Swamp:4  | Reached XP level 17. HP: 98/159 MP: 10/10
 15565 | Swamp:4  | Got a decaying rune of Zot
 15808 | Lair:1   | Noticed Nergalle
 15818 | Lair:1   | Killed Nergalle
 16085 | Depths:1 | Entered Level 1 of the Depths
 16190 | Depths:1 | Noticed Asterion
 16207 | Depths:1 | Killed Asterion
 16213 | Depths:1 | Reached skill level 19 in Invocations
 16237 | Depths:1 | Noticed Saint Roka
 16239 | Depths:1 | Found Ceyli's Armour Emporium.
 16256 | Depths:1 | Killed Saint Roka
 16257 | Depths:1 | Found Rerrih's Weapon Shoppe.
 16257 | Depths:1 | Found Iboed's Antique Weapon Emporium.
 16260 | Depths:1 | Found Jextad's Magic Scroll Shoppe.
 16270 | Depths:1 | Bought a scroll of magic mapping for 80 gold pieces
 16270 | Depths:1 | Bought a scroll of blinking for 172 gold pieces
 16270 | Depths:1 | Bought a scroll of blinking for 172 gold pieces
 16270 | Depths:1 | Bought a scroll of enchant armour for 172 gold pieces
 16309 | Depths:1 | Found a one-way gate leading to the halls of Pandemonium.
 16455 | Depths:2 | Found a flickering gateway to a bazaar.
 16464 | Bazaar   | Entered a bazaar
 16464 | Bazaar   | Found Anonuale's Antique Weapon Shop.
 16464 | Bazaar   | Found Piytouck's Antique Armour Shop.
 16510 | Bazaar   | Found Basalat's Distillery.
 16518 | Bazaar   | Bought a potion of haste for 70 gold pieces
 16518 | Bazaar   | Bought a potion of haste for 70 gold pieces
 16518 | Bazaar   | Bought a potion of haste for 70 gold pieces
 16531 | Bazaar   | Bought a pair of smoking gloves for 190 gold pieces
 16531 | Bazaar   | Bought a jewelled kite shield for 190 gold pieces
 16531 | Bazaar   | Identified the cursed +0 pair of gloves of Varghaho {rPois
                  | rN+ Str+4 Dex-4} (You bought it in a shop in a bazaar)
 16532 | Bazaar   | Identified the cursed +0 kite shield of Vipuph {rPois rN+
                  | Regen+} (You bought it in a shop in a bazaar)
 16619 | Depths:2 | Noticed Nikola
 16632 | Depths:2 | Killed Nikola
 16635 | Depths:2 | Reached skill level 15 in Shields
 16693 | Depths:2 | Found a gateway to Hell.
 16727 | Depths:2 | Found Funotesk's Gadget Shoppe.
 16727 | Depths:2 | Found Zulyzept's Jewellery Shop.
 16728 | Depths:2 | Found Lothahau's Jewellery Shop.
 16809 | Depths:2 | Reached skill level 20 in Invocations
 17107 | Depths:2 | Gained mutation: You passively map a large area around you.
                  | [Deep Dwarf growth]
 17107 | Depths:2 | Reached XP level 18. HP: 170/170 MP: 8/8
 17150 | Depths:3 | Reached skill level 21 in Invocations
 17163 | Depths:3 | You fall into a shaft and drop 2 floors!
 17163 | Depths:5 | Entered Level 5 of the Depths
 17209 | Depths:5 | Noticed a lich
 17215 | Depths:5 | Noticed a Hell Sentinel
 17222 | Depths:5 | Killed a lich
 17427 | Depths:5 | Noticed a golden dragon
 17435 | Depths:5 | Reached skill level 22 in Invocations
 17447 | Depths:5 | Killed a golden dragon
 17656 | Depths:5 | Noticed the Enchantress
 17666 | Depths:5 | Killed the Enchantress
 17666 | Depths:5 | Reached skill level 23 in Invocations
 17695 | Depths:5 | Found a gate to the Realm of Zot.
 17781 | Depths:4 | Noticed a tentacled monstrosity
 17806 | Depths:4 | Killed a tentacled monstrosity
 17806 | Depths:4 | Reached XP level 19. HP: 144/177 MP: 7/7
 17834 | Depths:4 | Reached skill level 24 in Invocations
 17842 | Depths:3 | Found a one-way gate to the infinite horrors of the Abyss.
 17896 | Depths:3 | Voluntarily entered the Abyss.
 18092 | Abyss:1  | Gained mutation: You are frail. (-10% HP) [a cacodemon]
 18178 | Depths:3 | Escaped the Abyss
 18192 | Depths:3 | Voluntarily entered the Abyss.
 18200 | Abyss:2  | Found a corrupted altar of Lugonu.
 18299 | Abyss:2  | Found a corrupted altar of Lugonu.
 18458 | Abyss:2  | Reached skill level 25 in Invocations
 18516 | Abyss:2  | Paralysed by accursed screaming for 1 turns
 18525 | Abyss:2  | Paralysed by accursed screaming for 1 turns
 18555 | Abyss:2  | Gained mutation: You tend to lose your temper in combat. [a
                  | neqoxec]
 18558 | Abyss:2  | Gained mutation: Your spells are a little easier to cast,
                  | but a little less powerful. [a neqoxec]
 18635 | Abyss:3  | Found a shadowy altar of Dithmenos.
 18642 | Abyss:3  | Found a corrupted altar of Lugonu.
 18820 | Abyss:3  | Got an abyssal rune of Zot
 18841 | Abyss:4  | Found a corrupted altar of Lugonu.
 18894 | Abyss:4  | Found a corrupted altar of Lugonu.
 19018 | Depths:3 | Escaped the Abyss
 19079 | Zot:1    | Entered Level 1 of the Realm of Zot
 19159 | Zot:2    | Reached skill level 26 in Invocations
 19175 | Zot:2    | Lost mutation: You are frail. (-10% HP) [potion of
                  | mutation]
 19175 | Zot:2    | Lost mutation: You tend to lose your temper in combat.
                  | [potion of mutation]
 19175 | Zot:2    | Gained mutation: You tend to lose your temper in combat.
                  | [potion of mutation]
 19175 | Zot:2    | Gained mutation: You have supernaturally acute eyesight.
                  | (SInv) [potion of mutation]
 19233 | Zot:3    | Noticed a golden dragon
 19242 | Zot:3    | Killed a golden dragon
 19379 | Zot:5    | Entered Level 5 of the Realm of Zot
 19379 | Zot:5    | Noticed a curse toe
 19391 | Zot:5    | Killed a curse toe
 19391 | Zot:5    | Reached XP level 20. HP: 90/186 MP: 8/8
 19409 | Zot:5    | Found a burning altar of Makhleb.
 19424 | Zot:5    | Noticed an ancient lich
 19424 | Zot:5    | Noticed an ancient lich
 19424 | Zot:5    | Noticed a Killer Klown
 19424 | Zot:5    | Noticed an ancient lich
 19424 | Zot:5    | Noticed an ancient lich
 19424 | Zot:5    | Noticed an ancient lich
 19425 | Zot:5    | Noticed an orb of fire
 19432 | Zot:5    | Got the Orb of Zot
 19435 | Zot:5    | Gained mutation: You are weak. (Str -2) [mutagenic glow]
 19453 | Zot:4    | Gained mutation: Potions are less effective at restoring
                  | your health. [mutagenic glow]
 19670 | Depths:1 | Reached skill level 27 in Invocations
 20035 | D:4      | Noticed Vyufutz the pandemonium lord
 20043 | D:4      | Paralysed by Vyufutz for 7 turns
 20046 | D:4      | HP: 3/187 [Vyufutz the pandemonium lord/crystal spear (33)]
 20047 | D:4      | Killed from afar by Vyufutz the pandemonium lord

Illustrated notes

Levels and vault maps discovered:
D:1:      tarquinn_simple_flora_water_e, layout_loops_ring, minmay_statues_item
D:2:      mumra_celtic_spiral_tile, layout_basic, minmay_pentomino_s2,
          uniq_sigmund
D:3:      layout_loops_ring
D:4:      layout_basic, kennysheep_little_box
D:5:      layout_basic, vehumet_altar_wand_db, saegor_snake_ambush
D:6:      layout_loops_ring, fedhas_altar_3, lemuel_coloured_pillars_altar,
          hellmonk_ghost_happy_afterlife, lightli_ossuary_entry_decrepit_ruins,
          gup_sewer_entry_bowl, uniq_maggie
D:7:      layout_basic, minmay_temple_entry_trees, serial_shops,
          nicolae_shop_stone, kennysheep_okawaru_gauntlet
D:8:      layout_basic, dpeg_oklobed_lair, special_room [special_room_orc],
          evilmike_ruin_ashenzari, uniq_gastronok
D:9:      minmay_skewed_foursquare, layout_rooms, erik_orc_1, basic_altar,
          minmay_misc_feat_iff, grunt_ministairs_14
D:10:     layout_loops_corners, basic_altar
D:11:     layout_big_octagon
D:12:     layout_basic, grunt_qazlal_clouds
D:13:     layout_gridville, enter_bailey_2, portal_ice_cave_entry_imps,
          ebering_ghost_xom
D:14:     layout_roguey, david_vaults_2, minmay_misc_feat_columns
D:15:     hangedman_depths_entry_try_elsewhere_first, layout_basic,
          hangedman_decor_peaks_small, uniq_louise
Temple:   dpeg_five_rooms_temple
Lair:1:   layout_regular_city, minivault_25, mumra_transporter_accident,
          serial_bayou_shore_a, infiniplex_staircase_pool_2, uniq_nergalle,
          uniq_sonja
Lair:2:   layout_roguey
Lair:3:   layout_big_grid, guppyfry_snake_entry_island, minivault_24,
          kennysheep_snail_temple, grunt_megastairs_2
Lair:4:   kb_forest_paths, layout_regular_city, minmay_swamp_entry_wisps,
          minmay_hedge_maze
Swamp:1:  layout_falls_marsh, evilmike_swamp_ruin_rubble_1,
          infiniplex_staircase_pool
Swamp:2:  layout_falls_marsh, evilmike_swamp_ruin_house_1
Swamp:3:  layout_falls_marsh, nicolae_swamp_godswood, swamp_pool4,
          grunt_ruined_hall
Swamp:4:  swamp, layout_basic_swamp
Snake:1:  layout_layer_cave, grunt_ministairs_9, nrook_guardian_serpent_double,
          grunt_megastairs_1, uniq_rupert, uniq_aizul
Snake:2:  layout_cave_pods, serial_bayou_shore_b, uniq_vashnia
Snake:3:  layout_concentric_octagons, basic_altar, drop_trap, minmay_snake_pond,
          grunt_megastairs_3
Snake:4:  grunt_snake_rune_serpentine_throne, layout_misc_corridors,
          grunt_ministairs_4
Depths:1: layout_honeycomb, pf_hell_entry_tar_river, grunt_pan_entry_spiral,
          serial_bayou_lagoon_a, patterned_corridor, minmay_shoptagon,
          uniq_asterion, uniq_saint_roka
Depths:2: cross_vault, layout_gridville, hell_entry, serial_shops,
          bzr_entry_dummy, serial_sigils_hangedman_writhe,
          minmay_staircase_statues_hall_large, minmay_shop_grove, uniq_nikola
Depths:3: minmay_outward_triangles, layout_cave_pools, abyss_entry, hellmouth_1,
          old_standard_altar, rand_demon_pan_entry_1,
          minmay_the_grid_square_5x5_3x3_mashed
          [minmay_the_grid_square_5x5_seven,
          minmay_the_grid_square_5x5_fancy_junction,
          minmay_the_grid_square_5x5_six, minmay_the_grid_square_5x5_inner_z,
          minmay_the_grid_square_5x5_megaprize_checkered,
          minmay_the_grid_square_5x5_detours,
          minmay_the_grid_square_5x5_two_walls_b,
          minmay_the_grid_square_5x5_moneybag,
          minmay_the_grid_square_5x5_broken_cross], uniq_margery
Depths:4: grunt_runaround [grunt_runaround_doors_1, grunt_runaround_doors_2,
          grunt_runaround_doors_3, grunt_runaround_doors_4,
          grunt_runaround_loot], pan_entry, hell_entry, abyss_entry
Depths:5: lemuel_castle_with_subvaults [lemuel_castle_interior_original],
          layout_cave_pools, hangedman_abyss_or_decor_jellyfish_corner,
          grunt_hell_entry_dis_mu, nrook_campfire,
          infiniplex_staircase_pool_lava, uniq_enchantress
Zot:1:    layout_concentric_octagons, bh_zot_levy_curve
Zot:2:    lemuel_acid_trip, layout_cathedral_of_symmetry, bh_zot_lava_cross
Zot:3:    minmay_elemental_castle, layout_misc_corridors
Zot:4:    layout_concentric_octagons
Zot:5:    layout_twisted_circle, gammafunk_ghost_crypt, basic_altar

Skill      XL: |  1  2  3  4  5  6  7  8  9 10 11 12 13 14 15 16 17 18 19 20 |
---------------+-------------------------------------------------------------+-----
Axes           | 3 4 5 6 8 9 11 12 13 14 15 16 | 16.0
Fighting       | 3 4 5 6 7 8 9 10 12 13 | 13.0
Armour         | 4 5 6 7 8 9 10 11 12 14 | 14.8
Shields        | 4 5 6 7 8 9 10 11 12 14 15 | 15.0
Invocations    | 1 5 8 11 12 14 15 16 18 20 23 26 27 | 27.0
Evocations     | 4 9 10 | 10.0

Action                   |  1- 3 |  4- 6 |  7- 9 | 10-12 | 13-15 | 16-18 | 19-21 || total
-------------------------+-------+-------+-------+-------+-------+-------+-------++-------
Melee: War axe           |    86 |    99 |   507 |   923 |  1343 |   934 |   662 ||  4554
Invok: Lesser Servant of |       |       |       |       |    22 |    13 |     3 ||    38
       Greater Servant o |       |       |       |       |       |     6 |    10 ||    16
 Abil: Heal Wounds       |     3 |     3 |    18 |    24 |    54 |    23 |    15 ||   140
Evoke: Wand              |       |       |       |    21 |       |       |     3 ||    24
       Tin of tremorston |       |       |       |       |       |     9 |     3 ||    12
  Use: Scroll            |       |       |     8 |    16 |     9 |     5 |     9 ||    47
       Potion            |       |       |       |       |     1 |     1 |     9 ||    11
 Stab: Distracted        |       |       |       |       |     1 |    15 |     3 ||    19
       Confused          |       |       |       |       |       |     1 |       ||     1
Armor: Scale mail        |    50 |    22 |       |       |       |       |       ||    72
       Plate armour      |       |    61 |   234 |   486 |   921 |   892 |   176 ||  2770
Dodge: Dodged            |    36 |    26 |   136 |   359 |   387 |   391 |    80 ||  1415
Block: Kite shield       |    35 |    66 |   284 |   448 |       |       |       ||   833
       Tower shield      |       |       |       |   325 |  1633 |  1553 |   615 ||  4126
       Reflection        |       |       |       |       |    61 |    43 |    10 ||   114

Table legend: (Time is in decaauts)
 A = Elapsed time spent in this place.
 B = Non-inter-level travel time spent in this place.
 C = Inter-level travel time spent in this place.
 D = Time resting spent in this place.
 E = Time spent auto-exploring this place.
 F = Levels seen in this place.
 G = Mean time per level.
                   A        B        C        D        E       F      G
               +--------+--------+--------+--------+--------+-----+--------+
         Total |  19714 |  17633 |   2081 |    120 |  10728 |  46 |  428.6 |
       Dungeon |  11950 |  10827 |   1123 |     19 |   7377 |  15 |  796.7 |
        Temple |    234 |    159 |     75 |      0 |    157 |   1 |  234.0 |
          Lair |   2080 |   1809 |    271 |      0 |   1296 |   4 |  520.0 |
         Swamp |    799 |    622 |    177 |      0 |    259 |   4 |  199.8 |
     Snake Pit |    770 |    622 |    148 |      0 |    156 |   4 |  192.5 |
        Depths |   1798 |   1595 |    203 |      0 |    791 |   5 |  359.6 |
           Zot |    429 |    346 |     83 |     92 |      0 |   5 |   85.8 |
         Abyss |   1019 |   1019 |      0 |      8 |    389 |   5 |  203.8 |
        Bazaar |     82 |     82 |      0 |      0 |     53 |   1 |   82.0 |
       Ossuary |    154 |    154 |      0 |      0 |     75 |   1 |  154.0 |
        Bailey |    393 |    393 |      0 |      0 |    174 |   1 |  393.0 |
               +--------+--------+--------+--------+--------+-----+--------+

Top non-repeatable levels by time:
    D:15: 1262 daAuts
    D:13: 1128 daAuts
     D:7: 1126 daAuts
  Lair:3: 978 daAuts
    D:14: 936 daAuts
     D:5: 925 daAuts
     D:9: 911 daAuts
     D:8: 853 daAuts
    D:10: 840 daAuts
     D:4: 839 daAuts
     D:6: 832 daAuts
    D:12: 750 daAuts
Depths:2: 685 daAuts
Depths:5: 621 daAuts
  Lair:2: 616 daAuts
